 Dungeon Crawl Stone Soup version 0.19.5 (webtiles) character file.

3630 RaHiT the Thaumaturge (level 9, 0/57 HPs)
             Began as a Mummy Conjurer on May 29, 2017.
             Was a Follower of Vehumet.
             Slain by a killer bee (9 damage)
             ... on level 8 of the Dungeon.
             The game lasted 00:39:38 (12691 turns).

RaHiT the Thaumaturge (Mummy Conjurer)             Turns: 12691, Time: 00:39:40

Health: 0/57       AC:  6    Str: 11    XL:     9   Next: 87%
Magic:  17/22      EV: 12    Int: 21    God:    Vehumet [*.....]
Gold:   381        SH:  0    Dex: 12    Spells: 4 memorised, 15 levels left

rFire  x . .     SeeInvis .     t - +2 dagger (protect)
rCold  + + .     Gourm    .     v - +2 robe {rC+}
rNeg   + + +     Faith    .     (no shield)
rPois  ∞         Spirit   .     (no helmet)
rElec  .         Reflect  .     (no cloak)
rCorr  .         Harm     .     (no gloves)
MR     +....                    (no boots)
Stlth  ++........               (no amulet)
                                k - +2 ring of protection
                                d - +3 ring of intelligence

@: about to teleport
A: no food or potions, fire vulnerability, cold resistance 1, negative energy
resistance 3, torment resistance, unbreathing
a: Renounce Religion


You were on level 8 of the Dungeon.
You worshipped Vehumet.
Vehumet was aware of your devotion.
You were not hungry.

You visited 2 branches of the dungeon, and saw 9 of its levels.

You collected 381 gold pieces.

Inventory:

Hand Weapons
 t - a +2 dagger of protection (weapon)
Missiles
 e - a throwing net (quivered)
 n - 11 poisoned needles
Armour
 r - a +0 buckler
 v - a +2 robe of cold resistance (worn)
Jewellery
 d - a +3 ring of intelligence (left hand)
 k - a +2 ring of protection (right hand)
Wands
 g - a wand of disintegration (17/24)
 o - a wand of paralysis (2/24)
 q - a wand of paralysis (5/24)
Scrolls
 c - 2 scrolls of noise
 f - a scroll of recharging
 i - a scroll of enchant armour
 j - a scroll of magic mapping
 l - 2 scrolls of amnesia
 m - 4 scrolls of remove curse
 p - a scroll of fog
Books
 b - a book of Conjurations

   Spells                             Type                      Level
   a - Magic Dart                     Conjuration                  1
   b - Searing Ray                    Conjuration                  2
   c - Dazzling Spray                 Conjuration/Hexes            3
   d - Fulminant Prism                Conjuration/Hexes            4
   e - Iskenderun's Mystic Blast      Conjuration                  4
   f - Iskenderun's Battlesphere      Conjuration/Charms           5
 u - a book of Enchantments

   Spells                             Type                      Level
   a - Cause Fear                     Hexes                        4
   b - Yara's Violent Unravelling     Hexes/Transmutation          5
   c - Silence                        Hexes/Air                    5
   d - Deflect Missiles               Charms/Air                   6
   e - Discord                        Hexes                        8


   Skills:
 - Level 1.5 Dodging
 - Level 1.5 Stealth
 * Level 9.6 Spellcasting
 - Level 9.0 Conjurations


You had 15 spell levels left.
You knew the following spells:

 Your Spells              Type           Power        Failure   Level  Hunger
a - Magic Dart            Conj           ####         1%          1    N/A
b - Iskenderun's Mystic   Conj           #####...     1%          4    N/A
c - Iskenderun's Battles  Conj/Chrm      ####....     34%         5    N/A
q - Searing Ray           Conj           #####.       1%          2    N/A

Dungeon Overview and Level Annotations

Branches:
Dungeon (8/15)             Temple (1/1) D:7
   Lair: D:8-11

Altars:
Ashenzari
Cheibriados
Dithmenos
Elyvilon
Fedhas
Gozag
Hepliaklqana
Kikubaaqudgha
Makhleb
Nemelex Xobeh
Okawaru
Qazlal
Ru
Sif Muna
Trog
Uskayaw
Vehumet
Xom
Yredelemnul
Zin
The Shining One

Shops:
D:7 }

Annotations:
D:7 Chifra's ghost, novice OgHu


Innate Abilities, Weirdness & Mutations

You do not eat or drink.
Your flesh is vulnerable to fire.
You are immune to poison.
Your flesh is cold resistant. (rC+)
You are immune to negative energy. (rN+++)
You are immune to unholy pain and torment.
You can survive without breathing.


Message History

The orb of energy hits the killer bee.
The killer bee is almost dead.
The killer bee stings you. The killer bee closely misses you. x2
The killer bee stings you. The killer bee barely misses you.
The killer bee stings you.
The killer bee stings you but does no damage.
The killer bee stings you!
Casting: Iskenderun's Mystic Blast
Confirm with . or Enter, or press ? or * to list all spells.
Aiming: Magic Dart
Press: ? - help, Shift-Dir - straight line, f/p - killer bee
Aim: a killer bee (almost dead)
The magic dart hits the killer bee.
You kill the killer bee!
Vehumet accepts your kill.
The killer bee buzzes angrily.
You hear an angry buzzing noise.
The killer bee stings you. The killer bee stings you!
* * * LOW HITPOINT WARNING * * *
The killer bee closely misses you. The killer bee stings you!
You die...

#. #...# # ..
#..)# ... #...#
.. #...#
......'...#
##...##.y.######
+# #..
#...##...##..#
#..
#.....y?...>.#
#.
#....y†@y....# #
#.....%y.....#
#............#
#......s.....#
#.....†yy....#
#...##.......#
#... #.......#
#.. .........


You could see 7 killer bees and a giant cockroach.

Vanquished Creatures
  A hippogriff (D:7)
  A steam dragon (D:7)
  Edmund (D:2)
  A water moccasin (D:8)
  3 ice beasts
  A necrophage (D:8)
  A sky beast (D:7)
  3 ogres
  2 centaurs (D:6)
  3 bullfrogs
  2 scorpions
  4 wights (D:7)
  4 killer bees
  The ghost of xhc the Chopper, a weakling DsGl (D:3)
  2 centaur zombies
  2 bullfrog zombies
  10 orc wizards
  4 orc priests
  A centaur skeleton (D:6)
  5 hounds
  A jelly (D:6)
  2 iguanas
  6 worker ants
  4 hound skeletons
  10 adders
  4 gnolls (D:4)
  3 shadow imps
  An ooze (D:2)
  2 adder zombies
  3 worms
  4 dart slugs
  2 leopard geckos
  25 orcs
  6 bats (D:1)
  4 giant cockroaches
  2 goblins (D:1)
  12 hobgoblins
  3 jackals (D:3)
  2 quokkas
  2 ball pythons
  3 frilled lizards
  A jackal skeleton (D:5)
  A jackal zombie (D:6)
  6 kobolds
  2 leopard gecko zombies
  A quokka skeleton (D:6)
  A quokka zombie (D:8)
  8 rats
173 creatures vanquished.

Vanquished Creatures (others)
  A human (D:2)
1 creature vanquished.

Grand Total: 174 creatures vanquished

Notes
Turn   | Place    | Note
-------+----------+-------------------------------------------
     0 | D:1      | RaHiT the Mummy Conjurer began the quest for the Orb.
     0 | D:1      | Reached XP level 1. HP: 13/13 MP: 3/3
   423 | D:1      | Reached XP level 2. HP: 19/19 MP: 0/5
   427 | D:1      | Learned a level 2 spell: Searing Ray
  1490 | D:2      | Reached XP level 3. HP: 24/24 MP: 1/7
  2114 | D:2      | Found an ancient bone altar of Kikubaaqudgha.
  2117 | D:2      | Noticed a human
  2117 | D:2      | Killed a human
  2778 | D:3      | Noticed xhc's ghost (weakling DsGl)
  2819 | D:3      | Killed xhc's ghost
  2819 | D:3      | Reached XP level 4. HP: 3/30 MP: 4/10
  3919 | D:4      | Noticed Edmund
  4033 | D:4      | Reached XP level 5. HP: 35/35 MP: 9/12
  4235 | D:3      | Learned a level 4 spell: Iskenderun's Mystic Blast
  4245 | D:4      | Reached skill level 5 in Spellcasting
  4968 | D:4      | Reached XP level 6. HP: 27/41 MP: 9/14
  5268 | D:2      | Killed Edmund
  5683 | D:4      | Learned a level 5 spell: Iskenderun's Battlesphere
  5778 | D:4      | Reached XP level 7. HP: 46/46 MP: 9/16
  5880 | D:5      | Entered Level 5 of the Dungeon
  6053 | D:5      | Reached skill level 5 in Conjurations
  6574 | D:5      | Paralysed by an orc for 7 turns
  7730 | D:6      | Reached XP level 8. HP: 52/52 MP: 9/18
  8744 | D:7      | Noticed a hippogriff
  8752 | D:7      | Killed a hippogriff
  9068 | D:7      | Noticed Chifra's ghost (novice OgHu)
 10572 | D:6      | Reached XP level 9. HP: 43/57 MP: 6/21
 10928 | D:7      | Found Qotiwk's Gadget Shoppe.
 10937 | D:7      | Found a staircase to the Ecumenical Temple.
 10951 | Temple   | Entered the Ecumenical Temple
 11038 | Temple   | Became a worshipper of Vehumet
 12492 | D:7      | Reached * piety under Vehumet
 12492 | D:7      | Offered knowledge of Sandblast by Vehumet.
 12691 | D:8      | Slain by a killer bee

Skill      XL: |  1  2  3  4  5  6  7  8  9 |
---------------+----------------------------+-----
Spellcasting   | 3 4 5 6 8 9 |  9.6
Conjurations   | 4 6 7 9 |  9.0
Dodging        | |  1.5
Stealth        | |  1.5

Action                   |  1- 3 |  4- 6 |  7- 9 || total
-------------------------+-------+-------+-------++-------
Melee: Unarmed           |     7 |       |       ||     7
       Hand axe          |       |    13 |       ||    13
       Halberd           |       |     3 |       ||     3
 Cast: Magic Dart        |    82 |    45 |    66 ||   193
       Searing Ray       |     7 |    31 |    73 ||   111
       Iskenderun's Myst |       |     3 |    35 ||    38
Evoke: Wand              |       |     3 |     2 ||     5
  Use: Scroll            |       |     4 |     8 ||    12
Armor: Robe              |     2 |    13 |    35 ||    50
Dodge: Dodged            |    10 |    41 |   130 ||   181
